 Dungeon Crawl Stone Soup version 0.31.0-12-g77e489cdc1 (webtiles) character file.

Game seed: 410662175247449661

3 BurgerDrawz the Trooper (level 1, -1/20 HPs)
             Began as a Hill Orc Fighter on Mar 6, 2024.
             Slain by a ribbon worm (4 damage)
             ... on level 2 of the Dungeon.
             The game lasted 00:07:48 (298 turns).

BurgerDrawz the Trooper (Hill Orc Fighter)           Turns: 298, Time: 00:07:49

Health: -1/20      AC:  6    Str: 18    XL:     1   Next: 50%
Magic:  1/1        EV:  9    Int:  8    God:
Gold:   8          SH:  4    Dex: 10    Spells: 0/0 levels left

rFire   . . .        a - +0 war axe
rCold   . . .        c - +0 buckler
rNeg    . . .        b - +0 scale mail
rPois   .            (no helmet)
rElec   .            (no cloak)
rCorr   .            (no gloves)
SInv    .            (no boots)
Will    .....        (no amulet) Stlth
                     (no ring)
HPRegen 0.23/turn    (no ring)
MPRegen 0.07/turn

%: no passive effects
@: no status effects
A: no striking features
a: no special abilities


You were on level 2 of the Dungeon.
You visited 1 branch of the dungeon, and saw 3 of its levels.

You collected 8 gold pieces.

Inventory:

Hand Weapons
 a - a +0 war axe (weapon)
Armour
 b - a +0 scale mail (worn)
 c - a +0 buckler (worn)
 f - a +0 leather armour
 g - a +0 ring mail
Potions
 d - a potion of might
 e - a potion of heal wounds {unknown}


   Skills:
 + Level 3.7 Fighting
 + Level 2.6 Axes
 + Level 3.3 Armour
 + Level 0.2 Dodging
 + Level 3.2 Shields


You couldn't memorise any spells.
You didn't know any spells.
Your spell library contained the following spells:

 Spells                   Type           Power      Damage    Failure   Level
 Apportation              Tloc           0%         N/A       86%         1
 Jinxbite                 Hex            0%         N/A       95%         2
 Alistair's Intoxication  Alch           0%         N/A       100%        5


Dungeon Overview and Level Annotations

Branches:
Dungeon (3/15)

Altars:

Annotations:
D:3 Robin, Sigmund


Message History

The ball python barely misses you. The ball python grabs you.
The ball python constricts you.
The goblin unwields a +0 dagger.
The goblin wields a +0 sling.
The goblin shoots a sling bullet.
The sling bullet hits you but does no damage.
The ball python closely misses you. The ball python constricts you.
You escape the ball python's grasp.
The ball python attacks as it pursues you!
The ball python bites you but does no damage.
The ball python grabs you. The ball python constricts you.
You escape the ball python's grasp.
The hobgoblin hits you.
* * * LOW HITPOINT WARNING * * *
A goblin comes into view. It is wielding a +0 club.
The goblin shouts!
A ribbon worm comes into view.
The goblin hits you with a +0 club. The rat bites you but does no damage.
The goblin no longer looks unusually strong.
The rat bites you but does no damage. The goblin hits you but does no damage.
There is a stone staircase leading up here.
The rat barely misses you. The ribbon worm barely misses you.
You block the goblin's attack.
You climb upwards.
There is a stone staircase leading down here.
You barely miss the goblin. You barely miss the rat.
You barely miss the ribbon worm. The rat bites you but does no damage.
You block the goblin's attack. The ribbon worm barely misses you.
You hit the goblin.
You kill the goblin!
You hit the ribbon worm. You hit the rat but do no damage.
The rat completely misses you. The ribbon worm bites you.
You block the rat's attack.
You slash the ribbon worm!
The ribbon worm is heavily wounded.
You slash the ribbon worm! You slash the rat!
You kill the rat!
The ribbon worm bites you.
* * * LOW HITPOINT WARNING * * *
The ribbon worm bites you.
You die...

#....... #....
.# # #...... ..
... .#. .
........
#######.#.#.#.#
.......w.......
#@†# #w.......
#...#.#.#
#....... .
#....#. . .#.
###... .. ....
...# # #.#.
.... ... .#.#


You could see 2 ribbon worms.

Vanquished Creatures
  2 quokkas
  A goblin (D:2)
  A rat (D:2)
4 creatures vanquished.

Notes
Turn   | Place    | Note
-------+----------+-------------------------------------------
     0 | D:1      | BurgerDrawz the Hill Orc Fighter began the quest for the
                  | Orb.
     0 | D:1      | Reached XP level 1. HP: 19/19 MP: 1/1
   273 | D:3      | Noticed Robin
   276 | D:3      | Noticed Sigmund
   298 | D:2      | Slain by a ribbon worm

Illustrated notes

Levels and vault maps discovered:
D:1:      heliophobic_arrival_enchanted_forest, layout_basic,
          hellmonk_ecumenical_altar_leap_of_faith
D:2:      layout_basic, hex_large, minmay_circle_x
D:3:      minmay_angry_zag, layout_rooms, uniq_sigmund, uniq_robin

Action                     || total
---------------------------++-------
  Melee: War axe           ||     8
  Throw: Stone             ||     7
    Use: Potion            ||     1
 Armour: Scale mail        ||   111
  Dodge: Dodged            ||    74
  Block: Buckler           ||    32
